 Dungeon Crawl Stone Soup version 0.29-a0-294-g83ea962da3 (webtiles) character file.

Game seed: 10428622333056945966

170832 Inarius the Imperceptible (level 17, 0/82 HPs)
             Began as a Felid Chaos Knight on Mar 17, 2022.
             Was a Plaything of Xom.
             Shot with a bolt by a yaktaur (23 damage)
             ... on level 2 of the Vaults on Mar 18, 2022.
             The game lasted 01:55:22 (41813 turns).

Inarius the Imperceptible (Felid Chaos Knight)     Turns: 41813, Time: 01:55:23

Health: 0/82       AC:  9    Str: 10    XL:     17   Next: 13%
Magic:  0/30       EV: 38    Int: 19    God:    Xom [*.....]
Gold:   3417       SH:  0    Dex: 27    Spells: 22/32 levels left
                                        Lives:  0   Deaths: 5

rFire   + + +      SeeInvis +     - Unarmed
rCold   + + .      Faith    .   (shield unavailable)
rNeg    + . .      Spirit   +   (body armour unavailable)
rPois   +          Reflect  .   (helmet unavailable)
rElec   +          Harm     .   (cloak unavailable)
rCorr   .          Rampage  .   (gloves unavailable)
Will    +++..                   (boots unavailable) Stlth ********++
                                T - amulet "Faorun" {Spirit rElec rN+ Regen+}
HPRegen 1.03/turn               S - ring of the Shimmering Gods {rF+ rC+ Int+3}
MPRegen 0.22/turn               V - ring of Shadows {Umbra +Inv Stlth+}

@: wreathed by umbra, studying Evocations, quick
A: very small, claws 1, fangs 3, see invisible, speed 1, shaggy fur 3, stealthy
paws, no weapons or thrown items, no armour, multi-lived, antennae 2, iridescent
scales 3, thin skeletal structure 2, clever 1, fire resistance 2, strong-willed
1, passive freeze, poison resistance, strong 1, evolution 2, noise suppression
}: 1/15 runes: gossamer
a: Renounce Religion, Evoke Invisibility


You were on level 2 of the Vaults.
You worshipped Xom.
You were a special plaything of Xom.
You visited 6 branches of the dungeon, and saw 32 of its levels.
You visited the Abyss 1 time.
You visited 1 bazaar.
You also visited: Sewer and Ice Cave.

You collected 4485 gold pieces.
You spent 1068 gold pieces at shops.

Inventory:

Jewellery
 b - a ring of poison resistance
 n - the amulet of the Building Jester {Reflect -Cast rN+ Slay+3 SH+5}
   (You acquired it on level 3 of the Spider Nest)

   [amulet of reflection]

   It reflects blocked missile attacks.
   Slay:      It affects your accuracy & damage with ranged weapons and melee
   (+3).
   rN:        It protects you from negative energy.
   -Cast:     It prevents spellcasting.
   SH:        It affects your SH (+5).
 o - a ring of flight
 r - a ring of positive energy
 s - the ring of the Black Skies {Ice rN+ Str+5}
   (You found it in an ice cave)

   [ring of ice]

   It enhances your ice magic.
   Str:       It affects your strength (+5).
   rF:        It makes you vulnerable to fire.
   rC:        It protects you from cold.
   rN:        It protects you from negative energy.
 B - a ring of protection from cold
 D - a +4 ring of evasion
 Q - the amulet "Ezoyto" {RegenMP rPois SInv}
   (You found it on level 3 of the Elven Halls)

   [amulet of magic regeneration]

   It increases your rate of magic regeneration.
   rPois:     It protects you from poison.
   SInv:      It lets you see invisible.
 S - the ring of the Shimmering Gods (left paw) {rF+ rC+ Int+3}
   (You found it in an ice cave)

   [ring of protection from cold]

   Int:       It affects your intelligence (+3).
   rF:        It protects you from fire.
   rC:        It protects you from cold.
 T - the amulet "Faorun" (around neck) {Spirit rElec rN+ Regen+}
   (You found it in an ice cave)

   [amulet of guardian spirit]

   It causes incoming damage to be divided between your reserves of health and
   magic.
   rElec:     It insulates you from electricity.
   rN:        It protects you from negative energy.
   Regen:     It increases your rate of health regeneration.
 U - a ring of resist corrosion
 V - the ring of Shadows (right paw) {Umbra +Inv Stlth+}
   (You found it on level 1 of the Elven Halls)

   [ring of stealth]

   It surrounds you with an aura of shadow, increasing your stealth and reducing
   the accuracy of all others within it.
   +Inv:      It lets you turn invisible.
   Stlth:     It makes you more stealthy.
 X - the amulet of the Peasants {rF+ rN+ Regen+ Int+3}
   (You found it on level 3 of the Elven Halls)

   [amulet of regeneration]

   Int:       It affects your intelligence (+3).
   rF:        It protects you from fire.
   rN:        It protects you from negative energy.
   Regen:     It increases your rate of health regeneration.
Wands
 u - a wand of mindburst (16)
 z - a wand of flame (61)
 A - a wand of digging (9)
 J - a wand of polymorph (10)
 L - a wand of acid (13)
 P - a wand of paralysis (16)
 W - a wand of iceblast (6)
 Y - a wand of charming (12)
Scrolls
 e - 5 scrolls of noise
 f - 7 scrolls of vulnerability
 h - 2 scrolls of fear
 k - 7 scrolls of silence
 l - 10 scrolls of fog
 w - a scroll of holy word
 x - 6 scrolls of amnesia
 C - 5 scrolls of immolation
 E - 8 scrolls of magic mapping
 G - 5 scrolls of teleportation
 K - 8 scrolls of blinking
 M - 11 scrolls of identify
Potions
 c - 15 potions of curing
 d - 5 potions of haste
 g - a potion of cancellation
 i - 5 potions of mutation
 j - a potion of berserk rage
 m - 7 potions of magic
 p - 4 potions of flight
 q - 7 potions of attraction
 t - 11 potions of ambrosia
 v - 3 potions of resistance
 F - 2 potions of invisibility
 H - 11 potions of heal wounds
 I - 4 potions of brilliance
 Z - a potion of might
Miscellaneous
 a - a piece from Xom's chessboard (15/15) (quivered)
 y - a lightning rod (4/4)
 N - a box of beasts
 O - a condenser vane (inert)
 R - a phantom mirror


   Skills:
 * Level 13.3 Fighting
 + Level 17.3 Dodging
 + Level 23.9 Stealth
 + Level 22.4 Unarmed Combat
 + Level 8.1 Spellcasting
 + Level 9.4 Transmutations
 + Level 1.0 Poison Magic
 * Level 15.4 Evocations


You had 22 spell levels left.
You knew the following spells:

 Your Spells              Type           Power      Damage    Failure   Level
a - Blade Hands           Tmut           21%        N/A       5%          5
b - Wereblood             Tmut           43%        N/A       1%          2
c - Spider Form           Tmut/Pois      27%        N/A       3%          3

Your spell library contained the following spells:

 Spells                   Type           Power      Damage    Failure   Level
 Beastly Appendage        Tmut           86%        N/A       1%          1
 Passwall                 Tmut/Erth      20%        N/A       1%          2
 Animate Skeleton         Necr           14%        N/A       9%          1
 Apportation              Tloc           14%        N/A       9%          1
 Foxfire                  Conj/Fire      28%        2x1d5     9%          1
 Sandblast                Erth           14%        2d6       9%          1
 Shock                    Conj/Air       28%        1d4       9%          1
 Summon Small Mammal      Summ           28%        N/A       9%          1
 Petrify                  Tmut/Erth      25%        N/A       13%         4
 Scorch                   Fire           14%        2d5       14%         2
 Static Discharge         Conj/Air       7%         N/A       14%         2
 Sublimation of Blood     Necr           7%         N/A       14%         2
 Call Canine Familiar     Summ           7%         N/A       26%         3
 Dazzling Flash           Conj/Hex       14%        N/A       26%         3
 Gell's Gravitas          Tloc           7%         N/A       26%         3
 Inner Flame              Hex/Fire       7%         N/A       26%         3
 Lesser Beckoning         Tloc           7%         N/A       26%         3
 Stone Arrow              Conj/Erth      14%        3d7       26%         3
 Summon Guardian Golem    Hex/Summ       7%         N/A       26%         3
 Swiftness                Air            7%         N/A       26%         3
 Teleport Other           Tloc           7%         N/A       26%         3
 Alistair's Intoxication  Tmut/Pois      18%        N/A       28%         5
 Irradiate                Conj/Tmut      12%        3d17      34%         5
 Olgreb's Toxic Radiance  Pois           11%        N/A       52%         4
 Airstrike                Air            3%         N/A       65%         4
 Animate Dead             Necr           3%         N/A       65%         4
 Cause Fear               Hex            3%         N/A       65%         4
 Flame Wave               Conj/Fire      7%         2d5       65%         4
 Hailstorm                Conj/Ice       7%         3d4       65%         4
 Iskenderun's Mystic Bla  Conj/Tloc      7%         2d4       65%         4
 Sticky Flame             Conj/Fire      7%         2d3       65%         4
 Borgnjor's Vile Clutch   Necr/Erth      3%         N/A       94%         5
 Fireball                 Conj/Fire      3%         3d4       94%         5
 Iskenderun's Battlesphe  Conj           7%         2d6       94%         5
 Death Channel            Necr           3%         N/A       100%        6
 Iron Shot                Conj/Erth      3%         9d2       100%        6
 Starburst                Conj/Fire      3%         6d3       100%        6
 Summon Cactus Giant      Summ           3%         N/A       100%        6
 Discord                  Hex            3%         N/A       100%        8
 Disjunction              Tloc           3%         N/A       100%        8
 Ignition                 Fire           3%         3d4       100%        8
 Portal Projectile        Hex/Tloc       Unusable   N/A       N/A         3
 Excruciating Wounds      Necr           Unusable   N/A       N/A         5

Dungeon Overview and Level Annotations

Branches:
Dungeon (15/15)            Temple (0/1) D:7            Lair (6/6) D:10
 Shoals (0/4) Lair:3       Spider (4/4) Lair:3        Slime (0/5) Lair:6
    Orc (2/2) D:11            Elf (3/3) Orc:2        Vaults (2/5) D:14
  Crypt (0/3) Vaults:2     Depths (0/4) D:15          Sewer (visited)
  IceCv (visited)

Altars:
Ashenzari
Kikubaaqudgha
Makhleb
Nemelex Xobeh
Okawaru
Ru
Sif Muna
Uskayaw
Vehumet
Xom
Zin
The Shining One
Beogh
Jiyva

Shops:
D:5 *   Orc:1 (   Orc:2 :[!*   Elf:2 (   Elf:3 *   Vaults:1 (

Portals:
Trove: D:15 (give horn of Geryon)

Annotations:
D:12 kae's ghost, journeyman HOFi


Innate Abilities, Weirdness & Mutations

You have sharp claws.
You have razor-sharp teeth.
You have supernaturally acute eyesight. (SInv)
You cover ground quickly. (Speed+)
Your thick and shaggy fur keeps you warm. (AC +3, rC+)
Your paws help you pounce on unaware monsters.
You are incapable of wielding weapons or throwing items.
You cannot wear armour.
You gain extra lives every three experience levels.
You have a pair of antennae on your head.
You are completely covered in iridescent scales. (AC +6)
You have a moderately thin skeletal structure. (Dex +4, Stealth++)
Your mind is acute. (Int +2)
Your flesh is very heat resistant. (rF++)
You are strong-willed. (Will+)
A frigid envelope surrounds you and freezes all who hurt you.
Your system is resistant to poisons. (rPois)
Your muscles are strong. (Str +2)
You have great hidden genetic potential.
You passively dampen the noise of your surroundings.


Message History

You kill the vault warden!
The yaktaur hits you with a +0 arbalest!
Items here: )) [ †.
You mangle the yaktaur!! You bite the yaktaur.
The yaktaur is heavily wounded.
The yaktaur misses you.
You mangle the yaktaur!!
You kill the yaktaur!
A yaktaur comes into view. It is wielding a +0 arbalest.
A yaktaur comes into view.
A yaktaur comes into view.
It is wielding a +2 arbalest of flaming.
The yaktaur shouts!
You hear a shout! x2
Things that are here:
a +0 arbalest; a +0 arbalest; a yaktaur corpse A yaktaur comes into view.
The yaktaur wields a +0 arbalest.
The yaktaur shoots a bolt.
The bolt hits you!!
* * * LOW HITPOINT WARNING * * *
A yaktaur comes into view. It is wielding a +0 arbalest.
The yaktaur wields a +0 arbalest.
The yaktaur shoots a bolt.
The bolt completely misses you.
The yaktaur shoots a bolt.
The bolt misses you.
Unknown command.
Clouds of poison gas condense around you!
The condenser dries out!
The yaktaur is engulfed in poison gas.
The yaktaur is poisoned.
The yaktaur shoots a bolt.
The bolt barely misses you.
The yaktaur is engulfed in poison gas.
The yaktaur is poisoned.
The yaktaur is engulfed in poison gas.
The yaktaur is poisoned.
Unknown command.
You close the large door.
A yaktaur opens the large door.
The yaktaur is engulfed in poison gas.
The yaktaur looks even sicker.
The yaktaur shoots a bolt.
The bolt completely misses you.
The yaktaur shouts!
You close the large door.
A yaktaur opens the large door.
The yaktaur is engulfed in poison gas.
The yaktaur looks even sicker.
You close the large door.
A yaktaur breaks down the large door.
The yaktaur is engulfed in poison gas.
The yaktaur looks as sick as possible!
The yaktaur shoots a bolt.
The bolt hits you!!
You die...
Xom chortles!

*,*********########.......
#.* #.....## #.# #.....#.
#.######### #.÷...#.
#.#.......# #.))†.##
#.#...#...# #.....##
#.#....)..# #.....##
#.#.#..)#.#*******#.....#.
#.'......@#*,,,,,*#.....#.
#.#...#...'c.....*#.....##
#.#.......'ccc§..*#.....##
#.#########c§§§..*#.....##
#.# *#§§§..*#.....#. #.#
*#####*#.....#.
#.#################.....##
#.........................
#.........................


You could see 5 yaktaurs.

Vanquished Creatures
  Nikola (Spider:3)
  Arachne (Spider:2)
  Jorgrun (Spider:2)
  The ghost of anonymous the Warrior, an adept NaGl of Cheibriados (Elf:3)
  Mlioglotl (Spider:4)
  3 deep elf blademasters
  2 deep elf master archers (Elf:3)
  Asterion (Vaults:1)
  The ghost of mrw0lf the Fighter, an adept GnGl of Gozag (Spider:3)
  4 deep elf sorcerers
  2 emperor scorpions
  3 vault wardens
  The ghost of Gearubrizxi the Severer, a journeyman DDFi of Makhleb (D:15)
  An orc warlord (Vaults:1)
  Aizul (Vaults:1)
  A draconian knight (IceCv)
  6 ghost moths
  4 deep elf elementalists (Elf:3)
  4 broodmothers
  9 very ugly things
  3 stone giants
  Nessos (D:15)
  3 ironbound thunderhulks
  3 ironbound preservers
  5 deep elf demonologists (Elf:3)
  7 deep elf annihilators
  10 dire elephants
  6 entropy weavers
  A spark wasp (shapeshifter) (Spider:2)
  5 white draconians (IceCv)
  6 spark wasps
  7 deep elf death magi (Elf:3)
  3 ettins
  5 great orbs of eyes
  2 deep elf high priests (Elf:3)
  10 hydras
  2 boulder beetles (Spider:1)
  2 ogre magi
  2 yaktaur captains
  3 radroaches
  8 two-headed ogres
  2 ironbound frosthearts (Vaults:1)
  A death knight (D:11)
  4 vault guards (Vaults:1)
  Erica (Orc:1)
  4 centaur warriors
  3 catoblepae (Lair:6)
  22 dancing weapons
  3 tengu warriors (D:15)
  7 orc high priests
  19 death yaks
  Sonja (D:10)
  Amaemon (D:8)
  Nergalle (Lair:2)
  21 deep elf knights
  5 pharaoh ants
  4 orb spiders
  8 lindwurms
  6 ironbound convokers
  8 deep trolls
  6 steelbarb worms
  14 deep elf archers
  An orange crystal statue (IceCv)
  34 deep elf pyromancers
  A lindwurm (shapeshifter) (D:11)
  19 deep elf zephyrmancers
  An orc sorcerer (Elf:1)
  A human zombie (Vaults:1)
  15 orc knights
  A necromancer (Vaults:1)
  18 ugly things
  27 wolf spiders
  3 cyclopes
  4 moths of wrath
  A salamander (Lair:6)
  4 merfolk sirens (Lair:3)
  3 manticores
  8 torpor snails
  12 elephants (Lair:4)
  A fire giant skeleton (Vaults:1)
  7 black mambas
  Joseph (D:8)
  4 storm dragon simulacra (IceCv)
  3 vault sentinels (Vaults:1)
  A human skeleton (Vaults:1)
  2 gargoyles
  An eye of devastation (Orc:2)
  A rime drake (Lair:5)
  An orange demon (D:8)
  2 unseen horrors (D:12)
  12 cane toads
  14 yaktaurs
  7 demonic crawlers
  Psyche (D:8)
  3 kobold demonologists
  An efreet (D:13)
  4 golden dragon simulacra (IceCv)
  6 komodo dragons
  3 tengu conjurers (D:15)
  A queen bee (Spider:3)
  7 trolls
  An ancient zyme (Abyss:2)
  8 meliai
  A wind drake (shapeshifter) (Elf:2)
  2 polar bears (Lair:6)
  The ghost of StormphoenixUK the Shield-Bearer, an amateur FoFi (D:5)
  A raiju (Abyss:2)
  27 tarantellas
  7 hornets
  13 slime creatures
  A slime creature (shapeshifter) (Elf:1)
  10 blink frogs
  6 dream sheep
  4 water elementals (Elf:1)
  14 culicivoras
  37 jumping spiders
  3 air elementals
  A vampire (D:11)
  5 wyverns
  2 wraiths
  A shadow (D:11)
  8 basilisks
  4 fire elementals
  4 vampire mosquitoes (D:13)
  3 steam dragons
  48 yaks
  64 redbacks
  3 wargs
  A yaktaur simulacrum (Vaults:1)
  3 acid dragons
  22 water moccasins
  38 orc warriors
  5 ice beasts
  3 sky beasts
  15 ogres
  A sky beast (shapeshifter) (Elf:1)
  A black bear (Lair:2)
  7 ice dragon simulacra (IceCv)
  A boggart (D:14)
  11 wolves
  16 centaurs
  A phantom (D:4)
  7 kobold brigands
  3 gnoll sergeants
  13 bullfrogs
  A necrophage (D:4)
  3 earth elementals
  2 scorpions
  4 lindwurm simulacra (IceCv)
  48 killer bees
  An electric eel (D:10)
  3 howler monkeys
  2 jellies (D:5)
  12 hounds
  A wyvern simulacrum (D:5)
  5 gnoll shamans
  25 orc priests
  A water moccasin simulacrum (D:5)
  Terence (D:2)
  Crazy Yiuf (D:7)
  3 iguanas
  Natasha (thrice) (D:3)
  18 orc wizards
  A centaur simulacrum (D:5)
  2 scorpion simulacra (D:5)
  A killer bee simulacrum (D:5)
  Robin (D:2)
  31 gnolls
  9 adders
  8 river rats
  A white imp (D:6)
  2 worms
  93 orcs
  4 endoplasms
  2 giant cockroaches
  10 goblins
  7 hobgoblins
  6 jackals (D:5)
  5 quokkas
  14 ball pythons
  3 bats
  6 frilled lizards
  29 kobolds
  20 rats
1335 creatures vanquished.

Vanquished Creatures (collateral kills)
  A storm dragon (Lair:3)
  A two-headed ogre (D:12)
  A death scarab (Spider:1)
  3 death yaks (Lair:3)
  An orc high priest (Elf:1)
  A deep troll (Vaults:1)
  An orc knight (Orc:2)
  An ugly thing (D:15)
  A wolf spider (Spider:1)
  2 cane toads (Lair:3)
  A queen bee (Lair:3)
  3 meliai (Lair:3)
  2 jumping spiders (Spider:1)
  Sigmund (D:3)
  2 wyverns (Lair:3)
  A basilisk (Lair:3)
  2 yaks (Lair:3)
  A steam dragon (D:9)
  A redback (Spider:1)
  An ice dragon simulacrum (IceCv)
  A black bear (D:3)
  A wolf (Lair:3)
  15 killer bees (Lair:3)
  An orc priest (D:9)
  Jessica (D:3)
  4 gnolls (D:3)
  2 orcs (D:3)
  2 goblins (D:3)
  A quokka (D:3)
56 creatures vanquished.

Vanquished Creatures (others)
  A ghost moth (Spider:4)
  4 dancing weapons
  A deep elf zephyrmancer (Elf:1)
  A deep elf pyromancer (Elf:1)
  A golden dragon simulacrum (IceCv)
  A tarantella (Spider:3)
  An orc warrior (D:9)
  An earth elemental (Elf:1)
  A hound (D:7)
  13 fungi
  43 plants
68 creatures vanquished.

Grand Total: 1459 creatures vanquished

Notes
Turn   | Place    | Note
-------+----------+-------------------------------------------
     0 | D:1      | Inarius the Felid Chaos Knight began the quest for the Orb.
     0 | D:1      | Reached XP level 1. HP: 10/10 MP: 2/2
   161 | D:1      | XOM: divination: detect items
   223 | D:1      | XOM: butterfly on damage
   552 | D:1      | Found a faded altar of an unknown god.
   573 | D:1      | XOM: noise
   594 | D:1      | Reached XP level 2. HP: 13/14 MP: 3/3
   662 | D:1      | XOM: silly message
   746 | D:1      | XOM: 4-stop teleportation journey
   810 | D:1      | Reached skill level 1 in Stealth
   964 | D:2      | Noticed Terence
   973 | D:2      | Killed Terence
   974 | D:2      | Reached skill level 1 in Evocations
   974 | D:2      | Reached XP level 3. HP: 17/17 MP: 4/4
  1261 | D:2      | XOM: enchant monster (bad)
  1475 | D:2      | XOM is BORED!
  1717 | D:2      | XOM: noise
  2003 | D:3      | Found an ancient bone altar of Kikubaaqudgha.
  2004 | D:3      | Noticed Jessica
  2008 | D:3      | Killed Jessica
  2009 | D:3      | Reached skill level 2 in Stealth
  2009 | D:3      | Reached XP level 4. HP: 21/21 MP: 5/5
  2052 | D:3      | XOM: 2-stop teleportation journey
  2085 | D:3      | Noticed Sigmund
  2089 | D:3      | Killed Sigmund
  2090 | D:3      | Reached skill level 3 in Stealth
  2090 | D:3      | Reached XP level 5. HP: 24/24 MP: 6/6
  2126 | D:3      | Noticed a black bear
  2131 | D:3      | Killed a black bear
  2132 | D:3      | Reached skill level 4 in Stealth
  2132 | D:3      | Gained mutation: You are covered in thick fur. (AC +2)
                  | [Felid growth]
  2132 | D:3      | Reached XP level 6. HP: 28/28 MP: 7/7
  2177 | D:3      | XOM: give mutations
  2177 | D:3      | Gained mutation: Your mind is acute. (Int +2) [Xom's grace]
  2177 | D:3      | Gained mutation: You have hidden genetic potential. [Xom's
                  | grace]
  2177 | D:3      | Gained mutation: You have great hidden genetic potential.
                  | [Xom's grace]
  2177 | D:3      | Gained mutation: Your system is resistant to poisons.
                  | (rPois) [Xom's grace]
  2236 | D:3      | XOM: give mutation
  2236 | D:3      | Gained mutation: Your mind is very acute. (Int +4) [Xom's
                  | grace]
  2256 | D:3      | XOM: give mutations
  2256 | D:3      | Gained mutation: You have a somewhat thin skeletal
                  | structure. (Dex +2, Stealth+) [Xom's grace]
  2256 | D:3      | Gained mutation: You are partially covered in iridescent
                  | scales. (AC +2) [Xom's grace]
  2256 | D:3      | Gained mutation: You have a pair of small antennae on your
                  | head. [Xom's grace]
  2300 | D:3      | Noticed Robin
  2326 | D:3      | Reached skill level 5 in Unarmed Combat
  2477 | D:2      | Killed Robin
  2618 | D:2      | XOM: god gift: amulet of guardian spirit
  2718 | D:3      | Noticed Natasha
  2720 | D:3      | Killed Natasha
  2765 | D:3      | Noticed Natasha
  2774 | D:3      | Killed Natasha
  2943 | D:3      | XOM: scenery: summon butterflies
  3001 | D:3      | Noticed Natasha
  3014 | D:3      | Killed Natasha
  3228 | D:4      | Reached XP level 7. HP: 18/31 MP: 4/8
  3420 | D:4      | Reached skill level 5 in Stealth
  3434 | D:4      | Gained mutation: You are mostly covered in iridescent
                  | scales. (AC +4) [hidden potential]
  3560 | D:4      | Learned a level 1 spell: Beastly Appendage
  3757 | D:4      | XOM: give mutations
  3757 | D:4      | Gained mutation: Your spells are a little harder to cast,
                  | but a little more powerful. [Xom's grace]
  3757 | D:4      | Gained mutation: You possess an exceptional clarity of
                  | mind. [Xom's grace]
  3757 | D:4      | Gained mutation: You are agile. (Dex +2) [Xom's grace]
  3757 | D:4      | Gained mutation: You have a pair of antennae on your head.
                  | [Xom's grace]
  3802 | D:4      | XOM: 2-stop teleportation journey
  3961 | D:5      | Entered Level 5 of the Dungeon
  3968 | D:5      | XOM: god gift: plate armour {god gift}
  4046 | D:5      | XOM: stat loss: -1 Dex (21/22)
  4067 | D:5      | XOM: cast spell 'Summon Dragon'
  4324 | D:4      | XOM: noise
  4336 | D:5      | XOM: cast spell 'Death Channel'
  4337 | D:5      | XOM: smoke on damage
  4353 | D:4      | Reached skill level 1 in Spellcasting
  4353 | D:4      | Reached skill level 1 in Transmutations
  4652 | D:5      | XOM: give mutations
  4652 | D:5      | Lost mutation: Your mind is very acute. (Int +4) [Xom's
                  | mischief]
  4652 | D:5      | Lost mutation: You are agile. (Dex +2) [Xom's mischief]
  4652 | D:5      | Lost mutation: You have great hidden genetic potential.
                  | [Xom's mischief]
  4662 | D:5      | Reached skill level 5 in Dodging
  4662 | D:5      | Reached XP level 8. HP: 17/36 MP: 2/11
  4710 | D:5      | XOM: noise
  4717 | D:5      | XOM: 1-stop teleportation journey
  4739 | D:5      | Reached skill level 6 in Stealth
  4739 | D:5      | XOM: confuse monster(s)
  4757 | D:5      | Gained mutation: You are completely covered in iridescent
                  | scales. (AC +6) [hidden potential]
  4757 | D:5      | Lost mutation: You have hidden genetic potential. [hidden
                  | potential expressed]
  5019 | D:5      | Learned a level 2 spell: Wereblood
  5120 | D:5      | XOM: fog
  5127 | D:5      | XOM: chaos cloud
  5157 | D:5      | XOM: 5-stop teleportation journey
  5348 | D:4      | XOM: give mutations
  5348 | D:4      | Lost mutation: You possess an exceptional clarity of mind.
                  | [Xom's mischief]
  5348 | D:4      | Lost mutation: Your system is resistant to poisons. (rPois)
                  | [Xom's mischief]
  5348 | D:4      | Gained mutation: You are strong-willed. (Will+) [Xom's
                  | mischief]
  5417 | D:5      | Found Qajaqame's Assorted Antiques.
  5435 | D:5      | XOM: potion effect (curing)
  5449 | D:5      | Bought a fizzy emerald potion for 20 gold pieces
  5449 | D:5      | Bought a scroll labelled TUSASK UHUDGH for 23 gold pieces
  5449 | D:5      | Bought a potion of lignification for 69 gold pieces
  5490 | D:5      | Found a runed translucent gate.
  5490 | D:5      | Found a runed translucent gate.
  5490 | D:5      | Found a runed translucent gate.
  5507 | D:5      | Noticed a gargoyle
  5537 | D:5      | Noticed StormphoenixUK's ghost (amateur FoFi)
  5685 | D:5      | XOM: divination: magic mapping
  5703 | D:5      | XOM: enchant monster (good)
  5730 | D:5      | HP: 1/36 [gnoll sergeant/+1 spear of freezing (2)]
  6017 | D:5      | XOM: confuse monster(s)
  6018 | D:5      | XOM: confuse monster(s)
  6169 | D:6      | Found a burning altar of Makhleb.
  6509 | D:6      | XOM: silly message
  6593 | D:6      | Found a glowing silver altar of Zin.
  6617 | D:6      | XOM: silly message
  6760 | D:6      | Found a glowing drain.
  6767 | Sewer    | Entered a sewer
  6873 | Sewer    | Reached XP level 9. HP: 38/39 MP: 12/14
  7245 | Sewer    | XOM: divination: magic mapping
  7763 | D:7      | Found a sparkling altar of Nemelex Xobeh.
  7794 | D:7      | XOM: potion effect (invisibility)
  7843 | D:7      | Found a runed translucent door.
  7844 | D:7      | Noticed Crazy Yiuf
  8197 | D:7      | XOM: cast spell 'Cause Fear'
  8254 | D:7      | Found a staircase to the Ecumenical Temple.
  8470 | D:7      | Found a hide-covered altar of Uskayaw.
  8672 | D:7      | XOM: divination: detect items
  8811 | D:7      | Killed Crazy Yiuf
  8859 | D:8      | Reached skill level 7 in Stealth
  8877 | D:8      | Noticed Joseph
  8943 | D:8      | XOM: potion effect (curing)
  8956 | D:8      | XOM: silly message
  8959 | D:8      | XOM: potion effect (haste)
  9138 | D:8      | XOM: potion effect (haste)
  9141 | D:8      | XOM: butterfly on damage
  9342 | D:8      | Killed Joseph
  9343 | D:8      | Reached skill level 5 in Transmutations
  9343 | D:8      | Reached XP level 10. HP: 36/43 MP: 13/17
  9367 | D:8      | XOM: silly message
  9422 | D:8      | Found an iron altar of Okawaru.
  9447 | D:8      | Noticed an orange demon
  9448 | D:8      | Noticed Amaemon
  9455 | D:8      | XOM: potion effect (invisibility)
  9462 | D:8      | Killed an orange demon
  9463 | D:8      | Reached skill level 8 in Stealth
  9464 | D:8      | Killed Amaemon
  9530 | D:8      | Found a glowing golden altar of the Shining One.
  9574 | D:8      | Found a sacrificial altar of Ru.
  9800 | D:8      | Noticed Psyche
  9805 | D:8      | Cast into level 2 of the Abyss (Psyche)
  9893 | Abyss:2  | Noticed a hell hog
  9903 | Abyss:2  | Noticed a green very ugly thing
  9903 | Abyss:2  | XOM: chaos cloud
 10073 | Abyss:2  | Noticed a lich
 10083 | Abyss:2  | XOM: enchant monster (bad)
 10097 | Abyss:2  | XOM: confuse monster(s)
 10114 | Abyss:2  | Noticed a wretched star
 10128 | Abyss:2  | XOM: give mutations
 10128 | Abyss:2  | Gained mutation: Your flesh is cold resistant. (rC+) [Xom's
                  | grace]
 10128 | Abyss:2  | Gained mutation: Your flesh is heat resistant. (rF+) [Xom's
                  | grace]
 10128 | Abyss:2  | Gained mutation: You are somewhat resistant to further
                  | mutation. [Xom's grace]
 10134 | Abyss:2  | XOM: enchant monster (good)
 10154 | Abyss:2  | XOM: scenery: create altars
 10155 | Abyss:2  | XOM: confuse monster(s)
 10171 | Abyss:2  | XOM: cleaving
 10193 | Abyss:2  | XOM: god gift: lajatang {god gift}
 10306 | Abyss:2  | Noticed a great orb of eyes
 10332 | Abyss:2  | Killed a great orb of eyes
 10342 | D:8      | Escaped the Abyss
 10356 | D:8      | Killed Psyche
 10357 | D:8      | Reached skill level 5 in Evocations
 10469 | D:8      | XOM: silly message
 10517 | D:8      | Found a broken altar of Ashenzari.
 10614 | D:5      | Killed a gargoyle
 10671 | D:5      | XOM: noise
 10894 | D:5      | Reached skill level 5 in Spellcasting
 10897 | D:5      | XOM: potion effect (invisibility)
 10903 | D:5      | XOM: cast spell 'Leda's Liquefaction'
 10909 | D:5      | Killed StormphoenixUK's ghost
 10910 | D:5      | Reached skill level 5 in Fighting
 11082 | D:9      | XOM: silly message
 11181 | D:8      | Learned a level 3 spell: Spider Form
 11268 | D:9      | XOM: 6-stop teleportation journey
 11298 | D:9      | Identified the +3 trident "Ubiseyg" {venom, rC+ MP+9 Int+2}
 11459 | D:9      | Reached skill level 10 in Unarmed Combat
 11473 | D:9      | XOM: enchant monster (good)
 11505 | D:9      | XOM: confuse monster(s)
 11630 | D:9      | XOM: potion effect (brilliance)
 12075 | D:9      | XOM: god gift: 36 gold pieces
 12148 | D:9      | XOM: give mutations
 12148 | D:9      | Gained mutation: You are somewhat resistant to both further
                  | mutation and mutation removal. [Xom's grace]
 12148 | D:9      | Gained mutation: You possess an exceptional clarity of
                  | mind. [Xom's grace]
 12148 | D:9      | Gained mutation: A frigid envelope surrounds you and
                  | freezes all who hurt you. [Xom's grace]
 12169 | D:10     | Entered Level 10 of the Dungeon
 12250 | D:10     | Noticed Sonja
 12252 | D:10     | Killed Sonja
 12253 | D:10     | Reached XP level 11. HP: 48/48 MP: 20/20
 12274 | D:10     | XOM: cleaving
 12282 | D:10     | XOM: summons friendly ufetubus
 12292 | D:10     | Reached skill level 9 in Stealth
 12304 | D:10     | XOM: smoke on damage
 12344 | D:10     | Found a staircase to the Lair.
 12709 | D:10     | XOM: god gift: 3 scrolls labelled GUACIS HAEGAWN {god gift}
 12792 | D:10     | XOM: give mutation
 12792 | D:10     | Gained mutation: You are robust. (+10% HP) [Xom's grace]
 12837 | D:10     | Found a shimmering blue altar of Sif Muna.
 12839 | D:10     | XOM: smoke on damage
 13091 | D:11     | XOM: give mutations
 13091 | D:11     | Gained mutation: Your mind is very acute. (Int +4) [Xom's
                  | grace]
 13091 | D:11     | Gained mutation: You are agile. (Dex +2) [Xom's grace]
 13091 | D:11     | Gained mutation: Your muscles are strong. (Str +2) [Xom's
                  | grace]
 13167 | D:11     | Found a radiant altar of Vehumet.
 13248 | D:11     | Found a staircase to the Orcish Mines.
 13385 | D:11     | Noticed a two-headed ogre
 13389 | D:11     | Killed a two-headed ogre
 13399 | D:11     | Reached skill level 10 in Stealth
 13419 | D:11     | XOM: polymorph troll -> blink frog
 13435 | D:11     | XOM: confuse monster(s)
 13439 | D:11     | XOM: give mutations
 13439 | D:11     | Gained mutation: You are very agile. (Dex +4) [Xom's grace]
 13439 | D:11     | Gained mutation: Your flesh is very heat resistant. (rF++)
                  | [Xom's grace]
 13439 | D:11     | Gained mutation: You have an increased reservoir of magic.
                  | (+10% MP) [Xom's grace]
 13476 | D:11     | Noticed a two-headed ogre
 13476 | D:11     | Noticed a white ugly thing
 13482 | D:11     | Killed a two-headed ogre
 13482 | D:11     | Noticed a death knight
 13515 | D:11     | Killed a white ugly thing
 13770 | D:11     | Noticed a glowing shapeshifter
 13770 | D:11     | a cyclops changed into a glowing shapeshifter
 13770 | D:11     | XOM: polymorph cyclops -> glowing shapeshifter
 13770 | D:11     | a glowing shapeshifter changed into a manticore
 13774 | D:11     | Noticed a lindwurm
 13774 | D:11     | a manticore changed into a lindwurm
 13778 | D:11     | Killed a lindwurm
 13779 | D:11     | Reached skill level 11 in Stealth
 13831 | D:11     | XOM: give mutations
 13831 | D:11     | Gained mutation: Your system is resistant to poisons.
                  | (rPois) [Xom's grace]
 13831 | D:11     | Gained mutation: You passively dampen the noise of your
                  | surroundings. [Xom's grace]
 13831 | D:11     | Gained mutation: You expend magic power (3 MP) to
                  | strengthen your wands. [Xom's grace]
 13929 | Lair:1   | Entered Level 1 of the Lair of Beasts
 14431 | Lair:1   | XOM: cleaving
 14621 | Lair:2   | Gained mutation: Your thick and shaggy fur keeps you warm.
                  | (AC +3, rC+) [Felid growth]
 14621 | Lair:2   | Reached XP level 12. HP: 58/58 MP: 23/23
 14682 | Lair:2   | XOM: snakes to sticks
 14695 | Lair:2   | XOM: god gift: book of Weapons
 14703 | Lair:2   | Learned a level 5 spell: Blade Hands
 14993 | Lair:2   | Noticed Nergalle
 15014 | Lair:2   | Killed Nergalle
 15015 | Lair:2   | Reached skill level 12 in Stealth
 15170 | Lair:2   | XOM: summons 7 hostile demons
 15218 | Lair:3   | XOM: summons friendly iron imp
 15268 | Lair:3   | Noticed a death yak
 15269 | Lair:3   | XOM: scenery: 1 doors open
 15272 | Lair:3   | Noticed a death yak
 15272 | Lair:3   | Noticed a death yak
 15272 | Lair:3   | Noticed a death yak
 15273 | Lair:3   | Noticed a death yak
 15273 | Lair:3   | Noticed a death yak
 15279 | Lair:3   | XOM: fog
 15286 | Lair:3   | XOM: confuse monster(s)
 15291 | Lair:3   | XOM: divination: detect creatures
 15307 | Lair:3   | XOM: fog
 15318 | Lair:3   | XOM: noise
 15443 | Lair:2   | XOM: potion effect (berserk rage)
 15448 | Lair:2   | Killed a death yak
 15501 | Lair:3   | Noticed a death yak
 15501 | Lair:3   | Noticed a death yak
 15501 | Lair:3   | Noticed a death yak
 15501 | Lair:3   | Noticed a death yak
 15501 | Lair:3   | Noticed a death yak
 15501 | Lair:3   | XOM: 1-stop teleportation journey
 15538 | Lair:3   | Reached skill level 13 in Stealth
 15557 | Lair:3   | XOM: summons friendly ufetubus
 15561 | Lair:3   | XOM: cast spell 'Leda's Liquefaction'
 15564 | Lair:3   | XOM: noise
 15573 | Lair:3   | XOM: summons friendly quasit
 15579 | Lair:3   | XOM: polymorph ufetubus -> shadow imp
 15587 | Lair:3   | XOM: polymorph shadow imp -> ufetubus
 15606 | Lair:2   | XOM: blink monster(s)
 15615 | Lair:2   | XOM: repel stairs
 15704 | Lair:2   | Killed a death yak
 15736 | Lair:3   | Found a staircase to the Shoals.
 15758 | Lair:3   | XOM: summons 4 hostile shadow creatures
 15761 | Lair:3   | Found a hole to the Spider Nest.
 15761 | Lair:3   | XOM: 1-stop teleportation journey
 15838 | Lair:3   | XOM: stat loss: -1 Int (16/17)
 15899 | Lair:3   | XOM: give mutations
 15899 | Lair:3   | Gained mutation: You are very robust. (+20% HP) [Xom's
                  | grace]
 15899 | Lair:3   | Gained mutation: Your flesh is almost immune to the effects
                  | of heat. (rF+++) [Xom's grace]
 15899 | Lair:3   | Gained mutation: You are extremely robust. (+30% HP) [Xom's
                  | grace]
 15962 | Lair:3   | Identified the +2 leather armour of Indecent Exposure
                  | {Will+ SInv}
 16097 | Lair:3   | Killed a death yak
 16126 | Lair:3   | XOM: confuse monster(s)
 16135 | Lair:3   | Killed a death yak
 16142 | Lair:3   | XOM: god gift: 33 gold pieces
 16144 | Lair:3   | Slain by a death yak
 16145 | Lair:3   | Reached XP level 11. HP: 1/66 MP: 23/23
 16147 | Lair:3   | XOM: summons 6 friendly demons
 16199 | Lair:3   | XOM: cast spell 'Necromutation'
 16402 | Lair:3   | Noticed a storm dragon
 16402 | Lair:3   | a death yak changed into a storm dragon
 16402 | Lair:3   | XOM: polymorph death yak -> storm dragon
 16418 | Lair:3   | XOM: enchant monster (good)
 16423 | Lair:3   | Reached skill level 14 in Stealth
 16424 | Lair:3   | XOM: god gift: rapier {god gift}
 16427 | Lair:3   | Reached skill level 10 in Dodging
 16446 | Lair:3   | Reached XP level 12. HP: 28/71 MP: 18/24
 16457 | Lair:3   | Killed a death yak
 16458 | Lair:3   | XOM: scenery: create altars
 16468 | Lair:3   | XOM: scenery: create altars
 16469 | Lair:3   | Killed a storm dragon
 16475 | Lair:3   | Slain by a death yak
 16476 | Lair:3   | Reached XP level 11. HP: 0/67 MP: 21/23
 16476 | Lair:3   | Killed a death yak
 16477 | Lair:3   | Reached skill level 1 in Poison Magic
 16515 | Lair:3   | Killed a death yak
 16616 | Lair:3   | XOM: swap monsters
 16621 | Lair:3   | XOM: butterfly on damage
 16625 | Lair:3   | XOM: silly message
 16630 | Lair:3   | XOM: butterfly on damage
 16747 | Lair:3   | XOM: scenery: summon butterflies
 16748 | Lair:3   | XOM: divination: detect items
 16750 | Lair:3   | XOM: cast spell 'Death Channel'
 16764 | Lair:3   | XOM: fog
 16767 | Lair:3   | XOM: polymorph butterfly -> orc
 16768 | Lair:3   | XOM: 4-stop teleportation journey
 16789 | Lair:3   | Killed a death yak
 16790 | Lair:3   | Reached skill level 15 in Stealth
 16802 | Lair:3   | Killed a death yak
 16804 | Lair:3   | Killed a death yak
 16946 | Lair:3   | XOM: summons 5 hostile demons
 17129 | Lair:4   | Noticed a six-headed hydra
 17134 | Lair:4   | Killed a six-headed hydra
 17154 | Lair:4   | XOM: summons 1 hostile demon
 17155 | Lair:4   | XOM: enchant monster (good)
 17193 | Lair:4   | XOM: blink monster(s)
 17214 | Lair:4   | Reached XP level 12. HP: 72/72 MP: 24/24
 17236 | Lair:4   | XOM: enchant monster (bad)
 17239 | Lair:4   | XOM: cleaving
 17262 | Lair:4   | Identified the +4 fustibalus "Secipri" {vorpal, *Corrode
                  | rPois Dex+4}
 17395 | Lair:4   | You fall into a shaft and drop 2 floors!
 17395 | Lair:6   | Entered Level 6 of the Lair of Beasts
 17400 | Lair:6   | Noticed a four-headed hydra
 17514 | Lair:4   | XOM: cleaving
 17518 | Lair:4   | XOM: confuse monster(s)
 17520 | Lair:4   | XOM: god gift: 21 stones
 17555 | Lair:4   | XOM: confuse monster(s)
 17574 | Lair:4   | XOM: destruction
 17649 | Lair:4   | XOM: polymorph rime drake -> acid dragon
 17942 | Lair:4   | XOM: summons 7 hostile demons
 18110 | Lair:5   | Noticed an eight-headed hydra
 18121 | Lair:5   | Killed an eight-headed hydra
 18183 | Lair:5   | Noticed a death yak
 18198 | Lair:5   | Noticed a death yak
 18212 | Lair:5   | Killed a death yak
 18220 | Lair:5   | Killed a death yak
 18221 | Lair:5   | Reached XP level 13. HP: 78/78 MP: 26/26
 18492 | Lair:5   | XOM: summons 4 hostile shadow creatures
 18508 | Lair:5   | XOM: give mutations
 18508 | Lair:5   | Lost mutation: You are very agile. (Dex +4) [Xom's
                  | mischief]
 18508 | Lair:5   | Lost mutation: Your flesh is cold resistant. (rC+) [Xom's
                  | mischief]
 18641 | Lair:6   | XOM: chaos cloud
 18657 | Lair:6   | Reached skill level 16 in Stealth
 18679 | Lair:6   | XOM: enchant monster (bad)
 18698 | Lair:6   | XOM: 1-stop teleportation journey
 18720 | Lair:6   | XOM: butterfly on damage
 18799 | Lair:6   | XOM: polymorph six-headed hydra -> jumping spider
 18801 | Lair:6   | XOM: enchant monster (good)
 18851 | Lair:6   | XOM: summons friendly shadow imp
 18863 | Lair:6   | XOM: polymorph jumping spider -> salamander
 18875 | Lair:6   | XOM: 3-stop teleportation journey
 18881 | Lair:6   | XOM: god gift: 42 gold pieces
 18932 | Lair:6   | XOM: destruction
 18942 | Lair:6   | Reached skill level 15 in Unarmed Combat
 18951 | Lair:6   | Reached skill level 10 in Fighting
 18957 | Lair:6   | XOM: confuse monster(s)
 19012 | Lair:6   | XOM: blink monster(s)
 19024 | Lair:6   | XOM: god gift: scroll of teleportation
 19088 | Lair:6   | Found a viscous altar of Jiyva.
 19089 | Lair:6   | Found a staircase to the Slime Pits.
 19092 | Lair:6   | XOM: give mutations
 19092 | Lair:6   | Lost mutation: You expend magic power (3 MP) to strengthen
                  | your wands. [Xom's mischief]
 19092 | Lair:6   | Lost mutation: You are completely covered in iridescent
                  | scales. (AC +6) [Xom's mischief]
 19092 | Lair:6   | Lost mutation: Your flesh is almost immune to the effects
                  | of heat. (rF+++) [Xom's mischief]
 19092 | Lair:6   | Lost mutation: Your mind is very acute. (Int +4) [Xom's
                  | mischief]
 19123 | Lair:6   | XOM: silly message
 19490 | Lair:6   | XOM: cast spell 'Summon Ice Beast'
 19493 | Lair:6   | XOM: cast spell 'Statue Form'
 19540 | Lair:6   | XOM: cast spell 'Leda's Liquefaction'
 19595 | Lair:6   | XOM: enchant monster (bad)
 19596 | Lair:6   | XOM: noise
 19625 | Lair:6   | XOM: silly message
 19637 | Lair:6   | Reached XP level 14. HP: 47/85 MP: 27/27
 19640 | Lair:6   | XOM: butterfly on damage
 19653 | Lair:6   | XOM: potion effect (invisibility)
 19765 | Lair:6   | XOM: god gift: 31 gold pieces
 19782 | Lair:6   | XOM: silly message
 19796 | Lair:6   | XOM: give mutation
 19796 | Lair:6   | Lost mutation: You have an increased reservoir of magic.
                  | (+10% MP) [Xom's mischief]
 20144 | Lair:6   | Upgraded the game from 0.29-a0-289-g2178c42546 to
                  | 0.29-a0-294-g83ea962da3
 20154 | Lair:6   | XOM: noise
 20301 | Orc:1    | Entered Level 1 of the Orcish Mines
 20347 | Orc:1    | Noticed Erica
 20364 | Orc:1    | Killed Erica
 20395 | Orc:1    | XOM: noise
 20404 | Orc:1    | Found Moihigaz's Weapon Boutique.
 20489 | Orc:1    | XOM: polymorph orc -> hobgoblin
 20677 | Orc:2    | Entered Level 2 of the Orcish Mines
 20820 | Orc:2    | XOM: 1-stop teleportation journey
 20839 | Orc:1    | XOM: silly message
 20925 | Orc:2    | Found Qiypaq's Book Shop.
 21001 | Orc:2    | XOM: divination: detect creatures
 21031 | Orc:2    | Found a staircase to the Elven Halls.
 21033 | Orc:2    | XOM: potion effect (might)
 21167 | Orc:2    | XOM: cast spell 'Summon Mana Viper'
 21179 | Orc:2    | XOM: silly message
 21191 | Orc:2    | XOM: butterfly on damage
 21287 | Orc:1    | XOM: torment (44/85 hp)
 21387 | Orc:2    | XOM: swap monsters
 21543 | Orc:2    | XOM: silly message
 21582 | Orc:2    | XOM: polymorph orc knight -> eye of devastation
 21704 | Orc:2    | XOM: fog
 21768 | Orc:2    | XOM: destruction
 21784 | Orc:2    | XOM: enchant monster (good)
 21837 | Orc:2    | XOM: cast spell 'Summon Cactus Giant'
 21851 | Orc:2    | XOM: blink monster(s)
 21864 | Orc:2    | XOM: smoke on damage
 21887 | Orc:2    | XOM: silly message
 21928 | Orc:2    | XOM: noise
 22046 | Orc:2    | Found Rapot's Distillery.
 22046 | Orc:2    | Found Ipatz's Armour Shoppe.
 22047 | Orc:2    | Found Jagguolapi's General Store.
 22047 | Orc:2    | Found Erantas's Distillery.
 22057 | Orc:2    | Bought a potion of haste for 170 gold pieces
 22057 | Orc:2    | Bought a potion of heal wounds for 85 gold pieces
 22288 | D:11     | Reached skill level 17 in Stealth
 22478 | D:12     | Found a transporter.
 22479 | D:12     | Noticed kae's ghost (journeyman HOFi)
 22484 | D:12     | Found a transporter.
 22549 | D:12     | XOM: 1-stop teleportation journey
 22691 | D:12     | XOM: confuse monster(s)
 23192 | D:13     | XOM: confuse monster(s)
 23376 | D:13     | XOM: swap monsters
 23592 | D:13     | XOM: noise
 23669 | D:13     | XOM: noise
 23676 | D:13     | XOM: cast spell 'Metabolic Englaciation'
 23702 | D:13     | Reached XP level 15. HP: 61/91 MP: 26/26
 23827 | D:13     | XOM: give mutation
 23827 | D:13     | Gained mutation: You have a moderately thin skeletal
                  | structure. (Dex +4, Stealth++) [Xom's grace]
 24044 | D:14     | XOM: 1-stop teleportation journey
 24099 | D:14     | You fall into a shaft and drop 1 floor!
 24099 | D:15     | Entered Level 15 of the Dungeon
 24154 | D:15     | Found a runed translucent gate.
 24155 | D:15     | Found a runed translucent gate.
 24155 | D:15     | Noticed Gearubrizxi's ghost (journeyman DDFi)
 24156 | D:15     | Found a runed translucent gate.
 24198 | D:15     | XOM: confuse monster(s)
 24210 | D:15     | XOM: polymorph white very ugly thing -> cyan very ugly
                  | thing
 24224 | D:15     | Found a frozen archway.
 24242 | D:15     | Reached skill level 18 in Stealth
 24265 | IceCv    | Entered an ice cave
 24276 | IceCv    | XOM: divination: detect items
 24427 | IceCv    | XOM: cast spell 'Call Canine Familiar'
 24455 | IceCv    | XOM: divination: detect items
 24653 | IceCv    | XOM: divination: detect creatures
 24666 | IceCv    | XOM: silly message
 24827 | IceCv    | XOM: summons friendly quasit
 24908 | IceCv    | Noticed a white draconian knight
 25028 | IceCv    | XOM: noise
 25042 | IceCv    | Identified the ring of the Black Skies {Ice rN+ Str+5}
 25046 | IceCv    | Identified the ring of the Shimmering Gods {rF+ rC+ Int+3}
 25047 | IceCv    | XOM: torment (39/91 hp)
 25051 | IceCv    | Identified the amulet "Faorun" {Spirit rElec rN+ Regen+}
 25162 | IceCv    | XOM: noise
 25169 | IceCv    | Killed a white draconian knight
 25370 | D:15     | Found a sacrificial altar of Ru.
 25416 | D:15     | Found a portal to a secret trove of treasure.
 25656 | D:14     | XOM: chaos upgrade
 25700 | D:14     | Found a gate to the Vaults.
 25767 | D:14     | XOM is BORED!
 25767 | D:14     | XOM: swap monsters
 25776 | D:14     | XOM: chaos upgrade
 25777 | D:14     | XOM: chaos cloud
 25994 | D:14     | XOM: potion effect (berserk rage)
 26002 | D:14     | XOM: potion effect (curing)
 26005 | D:14     | XOM: potion effect (invisibility)
 26028 | D:14     | XOM: god gift: 18 gold pieces
 26538 | D:15     | XOM: divination: magic mapping
 26627 | D:15     | XOM: 2-stop teleportation journey
 26759 | D:15     | XOM: silly message
 27017 | D:15     | Found a staircase to the Depths.
 27170 | D:15     | XOM: cloud trail
 27246 | D:15     | Noticed Nessos
 27256 | D:15     | Killed Nessos
 27438 | D:15     | XOM: potion effect (invisibility)
 27468 | D:15     | Killed Gearubrizxi's ghost
 27492 | D:15     | XOM: scenery: 1 doors close
 27506 | D:15     | Identified the +11 scythe "Yreepum" {vorpal, *Slow +Blink
                  | rPois}
 27602 | D:12     | XOM: give mutations
 27602 | D:12     | Lost mutation: You are agile. (Dex +2) [Xom's mischief]
 27602 | D:12     | Lost mutation: You possess an exceptional clarity of mind.
                  | [Xom's mischief]
 27602 | D:12     | Lost mutation: Your spells are a little harder to cast, but
                  | a little more powerful. [Xom's mischief]
 27623 | D:12     | Reached skill level 19 in Stealth
 27631 | D:12     | XOM: silly message
 27640 | D:12     | Got the Catalogue of Arcane Weapons and Intoxication
 27871 | Spider:1 | Entered Level 1 of the Spider Nest
 27887 | Spider:1 | Reached XP level 16. HP: 97/97 MP: 26/28
 28049 | Lair:3   | XOM: silly message
 28161 | Spider:1 | XOM: silly message
 28356 | Spider:1 | XOM: cast spell 'Summon Horrible Things'
 28926 | Spider:2 | Reached skill level 15 in Dodging
 29073 | Spider:2 | XOM: noise
 29198 | Spider:2 | XOM: divination: magic mapping
 29204 | Spider:2 | XOM is BORED!
 29204 | Spider:2 | XOM: polymorph redback -> glowing shapeshifter
 29416 | Spider:2 | XOM: potion effect (invisibility)
 29477 | Spider:2 | Noticed Jorgrun
 29483 | Spider:2 | Killed Jorgrun
 29696 | Spider:2 | Reached skill level 20 in Stealth
 29750 | Spider:2 | Noticed Arachne
 29928 | Spider:2 | XOM: blink monster(s)
 29935 | Spider:2 | XOM: god gift: ring mail {god gift}
 29936 | Spider:2 | Killed Arachne
 30550 | Spider:3 | XOM: confuse monster(s)
 30555 | Spider:3 | XOM: confusion (+ monsters)
 30638 | Spider:3 | XOM: silly message
 30757 | Spider:3 | XOM: god gift: +7 mace of Variability {chain chaos}
 30758 | Spider:3 | Found the +7 mace of Variability {chain chaos}
 30848 | Spider:3 | Identified 2 scrolls of acquirement
 30863 | Spider:3 | Acquired a manual of Evocations
 31096 | Spider:3 | XOM: 2-stop teleportation journey
 31157 | Spider:3 | XOM: divine lightning
 31185 | Spider:3 | Reached XP level 17. HP: 70/101 MP: 18/29
 31493 | Spider:3 | XOM: divination: detect creatures
 31539 | Spider:3 | Noticed Nikola
 31548 | Spider:3 | Killed Nikola
 31593 | Spider:3 | Found a runed translucent door.
 31595 | Spider:3 | Noticed mrw0lf's ghost (adept GnGl)
 31617 | Spider:3 | XOM: give mutations
 31617 | Spider:3 | Lost mutation: You are somewhat resistant to both further
                  | mutation and mutation removal. [Xom's grace]
 31617 | Spider:3 | Lost mutation: You are somewhat resistant to further
                  | mutation. [Xom's grace]
 31617 | Spider:3 | Gained mutation: You have hidden genetic potential. [Xom's
                  | grace]
 31617 | Spider:3 | Gained mutation: You have great hidden genetic potential.
                  | [Xom's grace]
 31617 | Spider:3 | Gained mutation: You are highly strong-willed. (Will++)
                  | [Xom's grace]
 31617 | Spider:3 | Gained mutation: You are completely covered in iridescent
                  | scales. (AC +6) [Xom's grace]
 31621 | Spider:3 | XOM: potion effect (magic)
 31623 | Spider:3 | XOM: scenery: summon butterflies
 31633 | Spider:3 | Killed mrw0lf's ghost
 32393 | Spider:4 | Entered Level 4 of the Spider Nest
 32504 | Spider:4 | Acquired the amulet of the Building Jester {Reflect -Cast
                  | rN+ Slay+3 SH+5}
 32517 | Spider:4 | XOM: silly message
 32867 | Spider:4 | XOM: butterfly on damage
 32872 | Spider:4 | Mangled by a radroach
 32873 | Spider:4 | Reached XP level 16. HP: -6/97 MP: 0/28
 32903 | Spider:4 | Noticed Mlioglotl
 32915 | Spider:4 | XOM: potion effect (curing)
 32916 | Spider:4 | XOM: potion effect (invisibility)
 32919 | Spider:4 | Killed Mlioglotl
 33123 | Spider:4 | XOM: silly message
 33172 | Spider:4 | Reached skill level 21 in Stealth
 33214 | Spider:4 | XOM: divination: detect items
 33271 | Spider:4 | XOM: divination: detect items
 33288 | Spider:4 | XOM: confuse monster(s)
 33376 | Spider:4 | Reached skill level 10 in Evocations
 33382 | Spider:4 | XOM: summons friendly shadow imp
 33511 | Spider:4 | XOM: summons 2 hostile demons
 33739 | Spider:4 | Got a gossamer rune of Zot
 34270 | Elf:1    | Entered Level 1 of the Elven Halls
 34275 | Elf:1    | Found the ring of Shadows {Umbra +Inv Stlth+}
 34287 | Elf:1    | XOM: cast spell 'Discord'
 34292 | Elf:1    | XOM: enchant monster (bad)
 34485 | Elf:1    | XOM: 2-stop teleportation journey
 34808 | Elf:1    | Reached XP level 17. HP: 101/101 MP: 30/30
 34809 | Elf:1    | Got the Collected Works on Confrontation
 35093 | Elf:1    | XOM: stat loss: -1 Dex (26/27)
 35106 | Elf:1    | XOM: draining
 35256 | Elf:1    | XOM: 3-stop teleportation journey
 35554 | Elf:2    | Gained mutation: You possess an exceptional clarity of
                  | mind. [hidden potential]
 35556 | Elf:2    | Found a runed translucent gate.
 35556 | Elf:2    | Found a runed translucent gate.
 35556 | Elf:2    | Found a runed translucent gate.
 35635 | Elf:2    | Reached skill level 22 in Stealth
 35636 | Elf:2    | Found Xugity Botu's Weapon Shop.
 35638 | Elf:2    | XOM: smoke on damage
 36016 | Elf:2    | XOM: smoke on damage
 36662 | Elf:2    | Noticed a deep elf blademaster
 36678 | Elf:2    | Killed a deep elf blademaster
 36976 | Elf:3    | Entered Level 3 of the Elven Halls
 37133 | Elf:3    | XOM: swap monsters
 37257 | Elf:3    | Found Nipirgh's Assorted Antiques.
 37265 | Elf:3    | Bought a scroll of magic mapping for 119 gold pieces
 37265 | Elf:3    | Bought a potion of might for 136 gold pieces
 37381 | Elf:3    | Found a runed translucent door.
 37382 | Elf:3    | Found a shimmering altar of Xom.
 37382 | Elf:3    | Noticed anonymous's ghost (adept NaGl)
 37404 | Elf:3    | XOM: enchant monster (bad)
 37407 | Elf:3    | Killed anonymous's ghost
 37432 | Elf:3    | XOM: give mutations
 37432 | Elf:3    | Lost mutation: Your muscles are strong. (Str +2) [Xom's
                  | mischief]
 37432 | Elf:3    | Lost mutation: Your system is resistant to poisons. (rPois)
                  | [Xom's mischief]
 37432 | Elf:3    | Lost mutation: You are extremely robust. (+30% HP) [Xom's
                  | mischief]
 37432 | Elf:3    | Lost mutation: You are very robust. (+20% HP) [Xom's
                  | mischief]
 37815 | Elf:3    | Identified the ring of the Kangaroo {MP+9 Slay+2}
 37891 | Elf:3    | XOM: summons friendly white imp
 37892 | Elf:3    | Reached skill level 23 in Stealth
 37900 | Elf:3    | Reached XP level 18. HP: 75/92 MP: 23/31
 38022 | Elf:3    | Noticed an Ice Fiend
 38170 | Elf:3    | Noticed a Brimstone Fiend
 38258 | Elf:3    | XOM: noise
 38461 | Elf:3    | XOM: noise
 38490 | Elf:3    | XOM: potion effect (curing)
 38494 | Elf:3    | XOM: potion effect (haste)
 38514 | Elf:3    | XOM: enchant monster (good)
 38680 | Elf:3    | Identified the amulet "Ezoyto" {RegenMP rPois SInv}
 38851 | Elf:3    | XOM is BORED!
 38959 | Elf:3    | XOM: enchant monster (good)
 39059 | Elf:3    | Identified the amulet of the Peasants {rF+ rN+ Regen+
                  | Int+3}
 39064 | Elf:3    | Identified the +8 hand axe "Qichuuri" {flame, Will+ Stlth+}
 39077 | Elf:3    | Got the Reference Book on Flamy Dislocation
 39087 | Elf:3    | Got Ikimm's Almanac of Arcane Weapons
 39451 | Vaults:1 | XOM: noise
 39451 | Vaults:1 | Entered Level 1 of the Vaults
 39918 | Vaults:1 | XOM: cast spell 'Cause Fear'
 39919 | Vaults:1 | XOM: confuse monster(s)
 39921 | Vaults:1 | XOM: summons 3 friendly demons
 39947 | Vaults:1 | XOM: enchant monster (good)
 40058 | Vaults:1 | XOM: 1-stop teleportation journey
 40091 | Vaults:1 | Noticed Asterion
 40106 | Vaults:1 | XOM: divine lightning
 40112 | Vaults:1 | Killed Asterion
 40184 | Vaults:1 | Found Raxuo's Weapon Shoppe.
 40209 | Vaults:1 | XOM: give mutations
 40209 | Vaults:1 | Lost mutation: You possess an exceptional clarity of mind.
                  | [Xom's mischief]
 40209 | Vaults:1 | Lost mutation: You are completely covered in iridescent
                  | scales. (AC +6) [Xom's mischief]
 40209 | Vaults:1 | Lost mutation: You are robust. (+10% HP) [Xom's mischief]
 40209 | Vaults:1 | Lost mutation: You are highly strong-willed. (Will++)
                  | [Xom's mischief]
 40253 | Vaults:1 | XOM: give mutations
 40253 | Vaults:1 | Gained mutation: Your muscles are strong. (Str +2) [Xom's
                  | grace]
 40253 | Vaults:1 | Gained mutation: Your system is resistant to poisons.
                  | (rPois) [Xom's grace]
 40253 | Vaults:1 | Gained mutation: You are completely covered in iridescent
                  | scales. (AC +6) [Xom's grace]
 40269 | Vaults:1 | XOM: divination: magic mapping
 40279 | Vaults:1 | XOM: summons 2 friendly demons
 40292 | Vaults:1 | XOM: cleaving
 40297 | Vaults:1 | XOM: cast spell 'Death Channel'
 40419 | Vaults:1 | Reached skill level 15 in Evocations
 40924 | Vaults:1 | Noticed Aizul
 40931 | Vaults:1 | Killed Aizul
 41068 | Vaults:2 | XOM: 1-stop teleportation journey
 41072 | Vaults:2 | XOM: chaos cloud
 41074 | Vaults:2 | Paralysed by you for 4 turns
 41078 | Vaults:2 | HP: 3/85 [yaktaur[a vault warden] (7)]
 41078 | Vaults:2 | Slain by a yaktaur
 41079 | Vaults:2 | Reached XP level 17. HP: -2/81 MP: 0/30
 41161 | Vaults:2 | Reached XP level 18. HP: 85/85 MP: 29/31
 41195 | Vaults:2 | Found a flickering gateway to a bazaar.
 41205 | Bazaar   | Entered a bazaar
 41207 | Bazaar   | Found Wuvur's Assorted Antiques.
 41211 | Bazaar   | Bought a murky yellow potion for 18 gold pieces
 41211 | Bazaar   | Bought a scroll of magic mapping for 73 gold pieces
 41214 | Bazaar   | Found Isoig's Distillery.
 41214 | Bazaar   | Found Corir's Weapon Boutique.
 41214 | Bazaar   | Found Migigiufu's General Store.
 41221 | Bazaar   | Bought 2 potions of heal wounds for 100 gold pieces
 41221 | Bazaar   | Bought a scroll of blinking for 75 gold pieces
 41221 | Bazaar   | Bought a wand of iceblast (2) for 60 gold pieces
 41226 | Bazaar   | Bought a potion of heal wounds for 40 gold pieces
 41226 | Bazaar   | Bought a potion of heal wounds for 40 gold pieces
 41226 | Bazaar   | Bought a potion of heal wounds for 40 gold pieces
 41264 | Vaults:2 | XOM: polymorph wizard -> torpor snail
 41302 | Vaults:2 | XOM: enchant monster (bad)
 41316 | Vaults:2 | XOM: confusion (+ monsters)
 41333 | Vaults:2 | Slain by a dire elephant
 41334 | Vaults:2 | Reached XP level 17. HP: -5/82 MP: 0/30
 41787 | Vaults:2 | XOM: noise
 41813 | Vaults:2 | Shot with a bolt by a yaktaur

Illustrated notes

Levels and vault maps discovered:
D:1:      onia_arrival_pentagram, layout_basic,
          shapermc_ecumenical_altar_mp_urbaneastern
D:2:      layout_basic, uniq_terence
D:3:      layout_basic, mainiacjoe_overflow_brackets, uniq_sigmund,
          uniq_jessica, uniq_natasha, uniq_robin
D:4:      layout_rooms
D:5:      layout_cave_pools, serial_gnoll_camp, gnoll_camp_medium_02,
          gnoll_camp_medium_01, gnoll_camp_mini_shop, gnoll_camp_mini_hut,
          gammafunk_ghost_icy
D:6:      layout_basic, kennysheep_mini, lemuel_doored_altar,
          gup_sewer_entry_bubbles
D:7:      layout_basic, old_standard_altar, mainiacjoe_overflow_24_doors,
          minmay_temple_entry_sparse_star, uniq_crazy_yiuf_cottage
D:8:      layout_loops_cross, general_overflow_altar,
          nicolae_overflow_hidden_temple, dreamdust_gnoll_shepherd,
          uniq_amaemon, uniq_joseph, uniq_psyche
D:9:      layout_cave_pools
D:10:     layout_stronghold, nicolae_sif_muna_little_library, erik_lair_island,
          uniq_sonja
D:11:     minmay_slanted_spiral_squares, layout_cave_pools, hiddenorc1_lemuel,
          nicolae_vehumet_radiance
D:12:     layout_gridville, gammafunk_ghost_smash
D:13:     layout_roguey, chequers_serial_rivers_micro_e
D:14:     layout_roguey, hangedman_vaults_entry_quadrant_bands, minivault_19
D:15:     grunt_enter_depths_snipers, layout_grid_maze,
          biasface_ghost_orc_armoury, enter_trove_3,
          portal_ice_cave_entry_ugly_swarm, nicolae_ru_path_of_blood,
          uniq_nessos
Lair:1:   layout_long_grid, grunt_megastairs_1, lemuel_fruit_tree
Lair:2:   layout_long_grid, uniq_nergalle
Lair:3:   regret_index_combs_of_tragedy, layout_chaotic_city,
          elwin_shoals_entry_stream, spider_nest_entry_webs,
          dreamdust_wasp_nest, grunt_megastairs_5
Lair:4:   layout_roguey, serial_bayou_shore_b
Lair:5:   layout_roguey, hangedman_lair_generics_rect
Lair:6:   evilmike_catoblepas_cave, layout_regular_city, slime_altar_1,
          grunt_megastairs_4, lemuel_fruit_fields, lemuel_fruit_fields,
          serial_bayou_shore_b
Spider:1: layout_spider_delve
Spider:2: layout_spider_delve, drop_trap, nicolae_spider_cling_halls,
          uniq_arachne, uniq_jorgrun
Spider:3: layout_chambers, ebering_ghost_inner_flame, special_room
          [special_room_bee], spiders_nest_ghost_moth_duel, uniq_nikola
Spider:4: grunt_spider_rune_parallel, nicolae_spider_spiderdrome, uniq_mlioglotl
Orc:1:    layout_diamond_mine, serial_shops, shop, uniq_erica
Orc:2:    st_orc_pillars, layout_caves, serial_shops, shop
Elf:1:    nicolae_elf_arrival_no_cutting_in_line, layout_geoelf_grid,
          evilmike_minifort, minmay_elf_annihilation
Elf:2:    elven_hall_of_blades_hangedman_original
          [nicolae_blade_entry_pointy_end], layout_loops_ring, serial_shops,
          nicolae_shop_stone, drop_trap
Elf:3:    elf_hall_gauntlet_narrow, layout_loops_cross, serial_shops,
          nicolae_shop_statue_plus, ebering_ghost_xom
Vaults:1: v_pattern_5, vaults_room_octagon, nicolae_vaults_holding_cells,
          vaults_mumra_hex, nicolae_vaults_gold_heap, hangedman_vaults_locks,
          vaults_room_pool, nicolae_vaults_little_ls, v_misc_5,
          nicolae_vaults_alarming, hangedman_vaults_maws,
          vaults_dpeg_encased_lava, grunt_vaults_diagonal, vaults_dpeg_doors,
          hangedman_vaults_corner_blocks, layout_vaults_omnibox, serial_shops,
          nicolae_shop_bloodbath_and_beyond, uniq_asterion, uniq_aizul
Vaults:2: nicolae_vaults_little_squares_1, ontoclasm_vaults_chip,
          ontoclasm_vaults_hangar, vaults_room_door_hall,
          vaults_room_ringed_pool, nicolae_vaults_theta,
          nicolae_vaults_what_the_h, v_pattern_2, vaults_room_stairs_pillars,
          nicolae_vaults_yaktaur_gun_rack, blue_anna_dwarven_crypt,
          layout_vaults_quadrants, serial_shops, bzr_entry_gold, uniq_jory

Skill      XL: |  1  2  3  4  5  6  7  8  9 10 11 12 13 14 15 16 17 18 |
---------------+-------------------------------------------------------+-----
Stealth        | 1 2 3 4 5 6 7 8 15 13 16 17 19 21 23 | 23.9
Evocations     | 1 2 3 4 6 7 11 13 15 | 15.4
Dodging        | 4 5 6 7 8 10 11 12 13 14 15 16 17 | 17.3
Unarmed Combat | 4 5 6 8 9 10 13 14 15 16 18 19 21 22 | 22.4
Spellcasting   | 1 3 4 5 6 7 8 |  8.1
Transmutations | 1 3 5 6 7 8 9 |  9.4
Fighting       | 4 5 8 9 10 11 12 13 | 13.3
Poison Magic   | 1 |  1.0

Action                   |  1- 3 |  4- 6 |  7- 9 | 10-12 | 13-15 | 16-18 || total
-------------------------+-------+-------+-------+-------+-------+-------++-------
Melee: Unarmed           |    82 |    81 |   464 |   934 |  1269 |  1622 ||  4452
       Bite              |     9 |    13 |    64 |   157 |   225 |   264 ||   732
       Punch             |     5 |     1 |    28 |    90 |   181 |   258 ||   563
 Cast: Wereblood         |       |       |    24 |    34 |    46 |    35 ||   139
       Spider Form       |       |       |       |     6 |     1 |       ||     7
Evoke: Piece from Xom's  |     2 |     1 |    16 |    10 |    21 |    13 ||    63
       Wand              |       |       |     3 |    32 |    22 |     8 ||    65
       Condenser vane    |       |       |       |       |     1 |     9 ||    10
       Phantom mirror    |       |       |       |       |     1 |       ||     1
  Use: Scroll            |       |     8 |     8 |    12 |    11 |     9 ||    48
       Potion            |       |       |     5 |     6 |     1 |     9 ||    21
 Stab: Sleeping          |     6 |     1 |    18 |    32 |    36 |   157 ||   250
       Paralysed         |     4 |       |     2 |     1 |     3 |     3 ||    13
       Distracted        |     1 |       |     2 |     9 |     6 |     7 ||    25
       Confused          |       |       |     1 |    10 |     7 |    11 ||    29
       Invisible         |       |       |     3 |     2 |    21 |     8 ||    34
       Petrified         |       |       |     2 |       |     2 |       ||     4
       Petrifying        |       |       |       |     1 |     2 |     1 ||     4
       Held in net/web   |       |       |       |       |       |     1 ||     1
Armor: Skin              |     3 |    15 |    83 |    93 |    67 |   111 ||   372
Dodge: Dodged            |    48 |    57 |   398 |  1227 |  1375 |  1891 ||  4996

Table legend: (Time is in decaauts)
 A = Elapsed time spent in this place.
 B = Non-inter-level travel time spent in this place.
 C = Inter-level travel time spent in this place.
 D = Time resting spent in this place.
 E = Time spent auto-exploring this place.
 F = Levels seen in this place.
 G = Mean time per level.
                   A        B        C        D        E       F      G
               +--------+--------+--------+--------+--------+-----+--------+
         Total |  35261 |  32935 |   2326 |   6056 |  15724 |  36 |  979.5 |
       Dungeon |  15233 |  14053 |   1180 |   3427 |   7125 |  15 | 1015.5 |
          Lair |   5430 |   5134 |    296 |    631 |   2329 |   6 |  905.0 |
   Spider Nest |   5067 |   4735 |    332 |    486 |   2560 |   4 | 1266.8 |
  Orcish Mines |   1723 |   1536 |    187 |    351 |    499 |   2 |  861.5 |
   Elven Halls |   4059 |   3796 |    263 |    787 |   1504 |   3 | 1353.0 |
        Vaults |   1877 |   1812 |     65 |    108 |   1153 |   2 |  938.5 |
         Abyss |    435 |    435 |      0 |      0 |      0 |   1 |  435.0 |
        Bazaar |     30 |     30 |      0 |      0 |      9 |   1 |   30.0 |
         Sewer |    536 |    536 |      0 |      0 |    323 |   1 |  536.0 |
      Ice Cave |    868 |    868 |      0 |    264 |    218 |   1 |  868.0 |
               +--------+--------+--------+--------+--------+-----+--------+

Top non-repeatable levels by time:
   Elf:3: 1778 daAuts
Spider:3: 1615 daAuts
     D:4: 1608 daAuts
  Lair:3: 1489 daAuts
    D:15: 1301 daAuts
     D:8: 1296 daAuts
Spider:2: 1280 daAuts
Vaults:1: 1276 daAuts
Spider:4: 1255 daAuts
     D:5: 1229 daAuts
  Lair:6: 1201 daAuts
   Orc:2: 1192 daAuts
   Elf:1: 1157 daAuts
     D:6: 1150 daAuts
     D:2: 1128 daAuts
